 Dungeon Crawl Stone Soup version 0.31-a0-841-g038b102fc3 (webtiles) character file.

Game seed: 3511752951666645290

1246 Aneyh the Skirmisher (level 8, -2/44 HPs)
             Began as a Tengu Hunter on Sept 28, 2023.
             Slain by a steam dragon (10 damage)
             ... on level 6 of the Dungeon.
             The game lasted 00:06:17 (4350 turns).

Aneyh the Skirmisher (Tengu Hunter)                 Turns: 4350, Time: 00:06:18

Health: -2/44      AC:  4    Str: 11    XL:     8   Next: 50%
Magic:  9/9        EV: 17    Int:  9    God:
Gold:   348        SH:  0    Dex: 21    Spells: 7/7 levels left

rFire   . . .        a - +1 shortbow
rCold   . . .        (shield currently unavailable)
rNeg    . . .        s - +2 robe of Circular Logic {rPois}
rPois   +            (helmet restricted)
rElec   .            (no cloak)
rCorr   .            (no gloves)
SInv    .            (boots unavailable)
Will    .....        (no amulet)
Stlth   ++           (no ring)
HPRegen 0.27/turn    (no ring)
MPRegen 0.11/turn

%: acrobat
@: flying
A: beak, talons 3, evasive flight, acrobatic
a: no special abilities


You were on level 6 of the Dungeon.
You visited 1 branch of the dungeon, and saw 6 of its levels.

You collected 348 gold pieces.

Inventory:

Hand Weapons
 a - a +1 shortbow (weapon)
 r - a +0 hand axe of distortion
 v - a +0 halberd
Missiles
 t - 2 throwing nets
Armour
 c - a +0 leather armour
 s - the +2 robe of Circular Logic (worn) {rPois}
   (You found it on level 4 of the Dungeon)

   rPois:     It protects you from poison
Jewellery
 f - a ring of see invisible
 g - a +6 ring of strength
 l - an amulet of faith
 p - a +4 ring of protection
 q - a +4 ring of protection
Wands
 h - a wand of roots (7)
 o - a wand of charming (6)
Scrolls
 b - 2 scrolls of butterflies
 d - a scroll of enchant armour {unknown}
 e - a scroll of teleportation
 i - 2 scrolls of vulnerability
Potions
 j - a potion of curing
 k - 3 potions of cancellation
 m - a potion of lignification
 u - a potion of degeneration {unknown}


   Skills:
 - Level 2.0 Fighting
 + Level 11.7 Ranged Weapons
 - Level 2.1 Dodging
 - Level 1.0 Stealth


You had 7 spell levels left.
You didn't know any spells.
Your spell library contained the following spells:

 Spells                   Type           Power      Damage    Failure   Level
 Frozen Ramparts          Ice            0%         1d1       77%         3
 Petrify                  Tmut/Erth      0%         N/A       99%         4
 Metabolic Englaciation   Hex/Ice        0%         N/A       100%        5


Dungeon Overview and Level Annotations

Branches:
Dungeon (6/15)
 Temple: D:4-7

Altars:
Nemelex Xobeh
Qazlal
Ru
Trog
Zin

Shops:
D:1 ?!(*   D:4 !

Annotations:
D:1 2 transporters
D:5 Dowan, Duvessa


Innate Abilities, Weirdness & Mutations

You have a beak for a mouth.
You have claws for feet.
Your magical flight helps you evade attacks. (EV +4)
You can magically evade attacks while moving or waiting.


Message History

The adder hisses angrily.
You shoot an arrow. The arrow hits the steam dragon.
The steam dragon is heavily wounded.
You shoot an arrow. The arrow hits the steam dragon!
The steam dragon is severely wounded.
The steam dragon breathes steam at you. The ball of steam hits you!
You hear a shout!
You shoot an arrow.
The arrow closely misses the steam dragon.
You shoot an arrow. The arrow hits the steam dragon.
The steam dragon is severely wounded.
The adder is engulfed in a cloud of scalding steam.
The steam dragon bites you. The steam dragon misses you.
You shoot an arrow.
The arrow hits the steam dragon but does no damage.
The steam dragon is severely wounded.
The adder is engulfed in a cloud of scalding steam.
The adder dies!
The steam dragon misses you. The steam dragon barely misses you.
The steam dragon breathes steam at you. The ball of steam misses you.
You hear a shout!
You shoot an arrow.
The arrow closely misses the steam dragon.
You shoot an arrow. The arrow hits the steam dragon.
The steam dragon is almost dead.
The steam dragon breathes steam at you. The ball of steam hits you!
You are too injured to fight recklessly!
The steam dragon bites you!
* * * LOW HITPOINT WARNING * * *
The steam dragon completely misses you.
You are too injured to fight recklessly!
You are too injured to fight recklessly!
You shoot an arrow.
The arrow hits the steam dragon but does no damage.
The steam dragon is almost dead.
The steam dragon bites you!
You die...

#...#..#### D.
##..##....D#.#.##
#.......#...?...#
########.......#.....###
#......#................
..§.....§.§.........##..
..§~§§.§.............. .
..§~~~8.D..............
..~§~~.@.#..............
........#...............
#.......<....^.......
..#.................
#...........#.#.....
###.........#.......
#.................
##...............
#.........#########


You could see a steam dragon.

Vanquished Creatures
  Menkaure (D:6)
  An orc warrior (D:6)
  An ice beast (D:5)
  2 ogres (D:5)
  Blork the orc (D:5)
  A scorpion (D:5)
  7 hounds
  A gnoll bouda (D:5)
  3 sleepcaps
  Natasha (thrice) (D:4)
  8 gnolls
  8 adders
  A white imp (D:5)
  3 worms
  3 dart slugs
  8 orcs
  5 bats
  6 endoplasms
  4 giant cockroaches
  2 hobgoblins
  8 jackals
  5 kobolds
  2 quokkas
  11 ball pythons
  2 frilled lizards
  6 goblins
  7 rats
110 creatures vanquished.

Vanquished Creatures (others)
  An adder (D:6)
1 creature vanquished.

Grand Total: 111 creatures vanquished

Notes
Turn   | Place    | Note
-------+----------+-------------------------------------------
     0 | D:1      | Aneyh the Tengu Hunter began the quest for the Orb.
     0 | D:1      | Reached XP level 1. HP: 12/12 MP: 2/2
    73 | D:1      | Reached XP level 2. HP: 17/17 MP: 3/3
    94 | D:1      | Found Imaeh's Antique Weapon Boutique.
    94 | D:1      | Found Pokallee's General Store.
   170 | D:1      | Found Plog's Magic Scroll Shop.
   174 | D:1      | Reached skill level 5 in Ranged Weapons
   176 | D:1      | Found Tuobra's Distillery.
   505 | D:1      | Reached XP level 3. HP: 7/21 MP: 4/4
  1069 | D:2      | Reached skill level 6 in Ranged Weapons
  1069 | D:2      | Reached XP level 4. HP: 26/26 MP: 5/5
  2524 | D:4      | Reached XP level 5. HP: 12/30 MP: 6/6
  2719 | D:4      | Reached skill level 7 in Ranged Weapons
  2796 | D:4      | Found Cyhucud's Distillery.
  2850 | D:4      | Reached XP level 6. HP: 30/35 MP: 7/7
  3005 | D:4      | Noticed Natasha
  3012 | D:4      | Killed Natasha
  3013 | D:4      | Reached skill level 8 in Ranged Weapons
  3083 | D:4      | Identified the +2 robe of Circular Logic {rPois}
  3111 | D:4      | Noticed Natasha
  3120 | D:4      | Killed Natasha
  3145 | D:4      | Noticed Natasha
  3149 | D:4      | Killed Natasha
  3227 | D:5      | Entered Level 5 of the Dungeon
  3227 | D:5      | Noticed Blork the orc
  3323 | D:5      | Killed Blork the orc
  3324 | D:5      | Reached skill level 9 in Ranged Weapons
  3324 | D:5      | Gained mutation: Your magical flight helps you evade
                  | attacks. (EV +4) [Tengu growth]
  3324 | D:5      | Reached XP level 7. HP: 21/40 MP: 8/8
  3724 | D:5      | Reached skill level 10 in Ranged Weapons
  3815 | D:5      | Reached XP level 8. HP: 39/44 MP: 9/9
  3884 | D:5      | Noticed Duvessa
  3886 | D:5      | Noticed Dowan
  3907 | D:6      | Found a bloodstained altar of Trog.
  3907 | D:6      | Found a stormy altar of Qazlal.
  3986 | D:6      | Found a sparkling altar of Nemelex Xobeh.
  3986 | D:6      | Found a glowing silver altar of Zin.
  3992 | D:6      | Found a sacrificial altar of Ru.
  4029 | D:6      | Reached skill level 11 in Ranged Weapons
  4107 | D:6      | Noticed Menkaure
  4113 | D:6      | Killed Menkaure
  4350 | D:6      | Slain by a steam dragon

Illustrated notes

Levels and vault maps discovered:
D:1:      spicycebolla_arrival_transporter_tutorial, layout_basic, serial_shops,
          shop, shop, shop, shop_coins, hangedman_decor_push,
          minmay_pentomino_r2
D:2:      layout_loops_cross, dreamdust_mushroom_princess
D:3:      layout_basic
D:4:      layout_rooms, serial_shops, nicolae_shop_advertising_works
          [nicolae_subvault_shop_adworks], uniq_natasha
D:5:      layout_rooms, uniq_blork_the_orc, uniq_duvessa
D:6:      layout_cave_pools, nicolae_overflow_hallway_of_the_gods, serial_park,
          serial_park_avenue1, serial_park_tiny_pond, serial_park_square3
          [serial_park_minivault_5x5_6], serial_park_tiny_1, uniq_menkaure,
          uniq_eustachio

Skill      XL: |  1  2  3  4  5  6  7  8 |
---------------+-------------------------+-----
Ranged Weapons | 5 6 7 9 10 11 | 11.7
Fighting       | |  2.0
Dodging        | |  2.1
Stealth        | |  1.0

Action                     |  1- 3 |  4- 6 |  7- 9 || total
---------------------------+-------+-------+-------++-------
  Melee: Unarmed           |     5 |       |       ||     5
         Kick              |     1 |       |       ||     1
         Peck              |     1 |       |       ||     1
   Fire: Shortbow          |   117 |   162 |   145 ||   424
    Use: Potion            |     1 |     1 |       ||     2
         Scroll            |       |       |     7 ||     7
 Armour: Leather armour    |    38 |    18 |       ||    56
         Robe              |       |    13 |    22 ||    35
  Dodge: Dodged            |    49 |    32 |    58 ||   139

Table legend: (Time is in decaauts)
 A = Elapsed time spent in this place.
 B = Non-inter-level travel time spent in this place.
 C = Inter-level travel time spent in this place.
 D = Time resting spent in this place.
 E = Time spent auto-exploring this place.
 F = Levels seen in this place.
 G = Mean time per level.
                   A        B        C        D        E       F      G
               +--------+--------+--------+--------+--------+-----+--------+
         Total |   4372 |   4130 |    242 |    540 |   2783 |   6 |  728.7 |
       Dungeon |   4372 |   4130 |    242 |    540 |   2783 |   6 |  728.7 |
               +--------+--------+--------+--------+--------+-----+--------+

Top non-repeatable levels by time:
     D:1: 1005 daAuts
     D:4: 905 daAuts
     D:2: 775 daAuts
     D:3: 693 daAuts
     D:5: 670 daAuts
     D:6: 320 daAuts
